 Dungeon Crawl Stone Soup version 0.22-a0-40-g3d2f077 (webtiles) character file.

25 mopl the Caller (level 3, -1/24 HPs)
             Began as a Merfolk Summoner on Jan 4, 2018.
             Slain by an orc
             ... wielding a +0 whip
              (6 damage)
             ... on level 1 of the Dungeon.
             The game lasted 00:02:22 (1550 turns).

mopl the Caller (Merfolk Summoner)                  Turns: 1550, Time: 00:02:23

Health: -1/24      AC:  2    Str:  8    XL:     3   Next: 6%
Magic:  7/7        EV: 13    Int: 14    God:
Gold:   132        SH:  0    Dex: 15    Spells: 1/7 levels left

rFire    . . .     SeeInvis .   e - +0 dagger (venom)
rCold    . . .     Gourm    .   (no shield)
rNeg     . . .     Faith    .   a - +0 robe
rPois    .         Spirit   .   (no helmet)
rElec    .         Reflect  .   (no cloak)
rCorr    .         Harm     .   (no gloves)
MR       .....                  (no boots)
Stlth    ++........             (no amulet)
HPRegen  0.08/turn              (no ring)
MPRegen  0.10/turn              (no ring)

@: no status effects
A: change form in water, swift swim, stealthy swim
a: no special abilities


You were on level 1 of the Dungeon.
You were not hungry.

You visited 1 branch of the dungeon, and saw 2 of its levels.

You collected 132 gold pieces.

Inventory:

Hand Weapons
 e - a +0 dagger of venom (weapon)
 l - a +2 whip of electrocution
Missiles
 i - 11 poisoned needles
Armour
 a - a +0 robe (worn)
 j - a +0 shield
Scrolls
 d - 4 scrolls of identify {unknown}
 h - a scroll of remove curse {unknown}
Potions
 f - a potion of ambrosia {unknown}
 g - a potion of degeneration {unknown}
Books
 b - a book of Callings

   Spells                             Type                      Level
   a - Summon Small Mammal            Summoning                    1
   b - Call Imp                       Summoning                    2
   c - Call Canine Familiar           Summoning                    3
   d - Summon Guardian Golem          Hexes/Summoning              3
   e - Summon Lightning Spire         Summoning/Air                4
   f - Summon Ice Beast               Ice/Summoning                4
Comestibles
 c - a ration


   Skills:
 - Level 2.6 Dodging
 - Level 2.1 Stealth
 + Level 2.6 Spellcasting
 + Level 4.4 Summonings


You had one spell level left.
You knew the following spells:

 Your Spells              Type           Power        Failure   Level  Hunger
a - Summon Small Mammal   Summ           ##..         3%          1    #......
b - Call Imp              Summ           ##......     5%          2    ###....
c - Call Canine Familiar  Summ           ##......     11%         3    ###....


Dungeon Overview and Level Annotations

Branches:
Dungeon (2/15)

Altars:
Nemelex Xobeh


Message History

The orc hits you.
You barely miss the orc.
The orc is moderately wounded.
The orc hits you. The orc hits you.
You kill the orc!
The orc sings a few bars from the Orcish anthem.
You completely miss the orc.
The orc priest calls down the wrath of Beogh upon you.
Beogh smites you!
* * * LOW HITPOINT WARNING * * *
The orc cheers loudly, as Orcs often do.
The orc closely misses you.
There is a stone staircase leading up here.
The orc hits you but does no damage.
You climb upwards.
There is a stone staircase leading down here.
Unknown command.
You barely miss the orc. The orc hits you with a whip.
You die...

####.#.#.......# ##
#.....###...##.# # #.##.##
##.###.###### ###### #.#.##
##.##....... #####....# #.##.##
##..##..##### ...#..##'##
#.##..###.......#
.....##8.8###.##.#.#.......##
##.###.....##.......##..#########
##.##8.....8####@o......## #....
####.........#########...# #.###
###8.........8### #...# #.#
..'...........'.# #...####.###
#.#8.........8#.######...#.......
#.##.........##..#............#..
#..##8.....8##........).......#..
#...##.....##.##.#............#..
#....##8.8##..##.#####...#...##..


You could see an orc.

Vanquished Creatures
  A dart slug (D:1)
  An orc (D:2)
  A goblin (D:1)
  3 hobgoblins (D:1)
  A quokka (D:2)
  6 kobolds
  3 rats (D:1)
16 creatures vanquished.

Vanquished Creatures (collateral kills)
  A leopard gecko (D:2)
  3 goblins (D:1)
  A hobgoblin (D:1)
  A kobold (D:1)
  A bat (D:1)
  A frilled lizard (D:1)
8 creatures vanquished.

Grand Total: 24 creatures vanquished

Notes
Turn   | Place    | Note
-------+----------+-------------------------------------------
     0 | D:1      | mopl the Merfolk Summoner began the quest for the Orb.
     0 | D:1      | Reached XP level 1. HP: 13/13 MP: 3/3
   129 | D:1      | Found a sparkling altar of Nemelex Xobeh.
   281 | D:1      | Reached XP level 2. HP: 13/19 MP: 5/5
   290 | D:1      | Learned a level 2 spell: Call Imp
  1506 | D:2      | Reached XP level 3. HP: 23/24 MP: 6/6
  1511 | D:2      | Learned a level 3 spell: Call Canine Familiar
  1550 | D:1      | Slain by an orc

Vault maps used:
D:1:      dpeg_arrival_water_altar, dk_noncrumbling_4, feat_on_display
D:2:      cheibrodos_pilgrimage

Action                   || total
-------------------------++-------
Melee: Unarmed           ||    14
       Dagger            ||    65
 Cast: Summon Small Mamm ||     6
       Call Imp          ||     3
 Stab: Sleeping          ||     1
  Eat: Chunk             ||     2
Armor: Robe              ||     8
Dodge: Dodged            ||    46

Table legend:
 A = Spawn XP
 B = Non-spawn XP
 C = Spawn XP percentage of total XP
 D = Spawn monster count
 E = Non-spawn monster count
 F = Spawn count percentage of total count
 G = Total turns spent on level
                    A         B        C        D         E        F      G
               +---------+---------+-------+---------+---------+-------+---------
         Total |       0 |      37 |   0.0 |       0 |      24 |   0.0 |  1550
               +---------+---------+-------+---------+---------+-------+---------
           D:1 |       0 |      28 |   0.0 |       0 |      20 |   0.0 |  1087
           D:2 |       0 |       9 |   0.0 |       0 |       4 |   0.0 |   463
               +---------+---------+-------+---------+---------+-------+---------
